 Dungeon Crawl Stone Soup version 0.25.1-2-g60ff931df9 (webtiles) character file.

Game seed: 10866434013907693283

738 Erymatos the Chopper (level 7, -6/63 HPs)
             Began as a Minotaur Berserker on Nov 12, 2020.
             Was an Elder of Trog.
             Killed from afar by an orc wizard (7 damage)
             ... with a magic dart
             ... on level 4 of the Dungeon.
             The game lasted 00:04:03 (3550 turns).

Erymatos the Chopper (Minotaur Berserker)           Turns: 3550, Time: 00:04:04

Health: -6/63      AC:  5    Str: 23    XL:     7   Next: 46%
Magic:  6/6        EV: 14    Int:  4    God:    Trog [****..]
Gold:   204        SH:  0    Dex: 10    Spells: 6/6 levels left

rFire    . . .     SeeInvis .   a - +0 hand axe
rCold    . . .     Gourm    .   (no shield)
rNeg     . . .     Faith    .   b - +0 animal skin
rPois    .         Spirit   .   (helmet restricted)
rElec    .         Reflect  .   w - +2 cloak
rCorr    .         Harm     .   (no gloves)
MR       .....                  (no boots)
Stlth    +.........             (no amulet)
HPRegen  0.20/turn              (no ring)
MPRegen  0.10/turn              (no ring)

@: confused, berserk cooldown, slowed, very slow
A: retaliatory headbutt, horns 2
a: Berserk, Trog's Hand, Brothers in Arms, Renounce Religion


You were on level 4 of the Dungeon.
You worshipped Trog.
Trog was greatly pleased with you.
You were hungry.

You visited 1 branch of the dungeon, and saw 4 of its levels.

You collected 204 gold pieces.

Inventory:

Hand Weapons
 a - a +0 hand axe (weapon)
Armour
 b - a +0 animal skin (worn)
 w - a +2 cloak (worn)
Jewellery
 x - an uncursed ring of stealth {unknown}
 z - a cursed ring of attention {unknown}
Wands
 l - a wand of polymorph (7)
 s - a wand of disintegration (13)
Scrolls
 g - 2 scrolls of identify {unknown}
 h - a scroll of fog {unknown}
 i - a scroll of remove curse {unknown}
 j - 2 scrolls of amnesia {unknown}
 n - a scroll of teleportation {unknown}
 p - a scroll of enchant armour {unknown}
 q - a scroll of magic mapping {unknown}
 v - a scroll of enchant weapon {unknown}
 y - a scroll of random uselessness {unknown}
Potions
 d - a potion of might {unknown}
 e - 2 potions of ambrosia {unknown}
 k - a potion of degeneration {unknown}
 m - a potion of cancellation {unknown}
 o - a potion of heal wounds {unknown}
 r - a potion of berserk rage {unknown}
 t - a potion of mutation {unknown}
 u - a potion of flight {unknown}
Comestibles
 c - 8 rations


   Skills:
 + Level 6.1 Fighting
 + Level 7.7 Axes
 + Level 2.9 Armour
 + Level 5.0 Dodging


You had 6 spell levels left.
You didn't know any spells.
Your spell library was empty.

Dungeon Overview and Level Annotations

Branches:
Dungeon (4/15)
 Temple: D:4-7

Altars:
Fedhas
Makhleb
Trog
Uskayaw
Wu Jian
Xom


Innate Abilities, Weirdness & Mutations

You reflexively headbutt those who attack you in melee.
You have a pair of horns on your head.


Message History

* * * LOW HITPOINT WARNING * * *
The orc wizard casts a spell.
The orc wizard flickers and vanishes!
Deactivating autopickup; reactivate with Ctrl-A.
You hit something. Your headbutt misses something.
The orc wizard gestures at you while chanting.
The magic dart hits you.
* * * LOW HITPOINT WARNING * * *
You hear some strange, mumbled words.
A magic dart appears from out of thin air!
The magic dart hits you.
* * * LOW HITPOINT WARNING * * *
You closely miss something. You slash the orc!
You kill the orc!
Trog accepts your kill.
You hear some strange, mumbled words.
You are confused.
The orc wizard points at you and mumbles some strange words.
The magic dart hits you!
You die...

#..........#
#........### ...
#........# ###..#
#........#### .....
#.......###.. ....
#......)# #.# #..#
#####...# #.####..#####
#...# #.##.){.....#
#...# #.##..@.....#
#####...###)##..#.###.#
...........).....o#
..........))....#..#
....[)).......#.##.#
#####.).#######.# .# #
#...# #.. .. # #<..#
####.## # #...#


You could see an orc wizard (fast).

Vanquished Creatures
  An orc warrior (D:4)
  A scorpion (D:4)
  4 crimson imps (D:4)
  2 hounds (D:4)
  Jessica (D:2)
  Natasha (D:3)
  Terence (D:3)
  An iguana (D:3)
  2 orc wizards (D:4)
  2 worker ants
  A hound skeleton (D:4)
  7 adders
  An adder skeleton (D:4)
  2 worms
  5 leopard geckos
  15 orcs
  A ball python (D:1)
  7 bats
  9 giant cockroaches
  14 goblins
  11 hobgoblins
  4 jackals (D:4)
  2 frilled lizards
  2 kobolds
  2 quokka skeletons
  5 rats
104 creatures vanquished.

Notes
Turn   | Place    | Note
-------+----------+-------------------------------------------
     0 | D:1      | Erymatos the Minotaur Berserker began the quest for the
                  | Orb.
     0 | D:1      | Reached XP level 1. HP: 19/19 MP: 0/0
   159 | D:1      | Reached XP level 2. HP: 27/27 MP: 1/1
   169 | D:1      | Reached skill level 4 in Axes
   770 | D:1      | Reached ** piety under Trog
   855 | D:2      | Noticed Jessica
   866 | D:2      | Killed Jessica
   866 | D:2      | Reached XP level 3. HP: 34/34 MP: 2/2
  1024 | D:2      | Reached XP level 4. HP: 41/41 MP: 3/3
  1261 | D:2      | Reached skill level 5 in Axes
  1765 | D:2      | Found a blossoming altar of Fedhas.
  1767 | D:2      | Found a hide-covered altar of Uskayaw.
  1865 | D:3      | Reached skill level 5 in Fighting
  1865 | D:3      | Reached XP level 5. HP: 44/48 MP: 4/4
  2165 | D:3      | Noticed Terence
  2168 | D:3      | Noticed Natasha
  2175 | D:3      | Killed Terence
  2178 | D:3      | Killed Natasha
  2433 | D:3      | Reached skill level 6 in Axes
  2606 | D:3      | Found an ornate altar of the Wu Jian Council.
  2615 | D:3      | Found a bloodstained altar of Trog.
  2656 | D:3      | Reached *** piety under Trog
  2698 | D:4      | Reached XP level 6. HP: 37/56 MP: 5/5
  3227 | D:4      | Found a burning altar of Makhleb.
  3357 | D:4      | Found a shimmering altar of Xom.
  3374 | D:4      | Reached skill level 7 in Axes
  3374 | D:4      | Reached XP level 7. HP: 59/62 MP: 6/6
  3533 | D:4      | Reached **** piety under Trog
  3534 | D:4      | Reached skill level 5 in Dodging
  3549 | D:4      | HP: 1/63 [something/magic dart (5)]
  3550 | D:4      | Killed from afar by an orc wizard

Illustrated notes

Levels and vault maps discovered:
D:1:      psy_arrival_radial01, layout_basic, st_stairs_6
D:2:      layout_loops_ring, minitemple, uniq_jessica
D:3:      layout_rooms, amethyst_overflow_temple_binary, uniq_terence,
          uniq_natasha
D:4:      layout_loops_cross, led_xom_imps, makhleb_blood_cavern_becter,
          first_ration

Skill      XL: |  1  2  3  4  5  6  7 |
---------------+----------------------+-----
Axes           | 4 5 6 7 |  7.7
Fighting       | 4 5 6 |  6.1
Dodging        | 3 4 5 |  5.0
Armour         | |  2.9

Action                   |  1- 3 |  4- 6 |  7- 9 || total
-------------------------+-------+-------+-------++-------
Melee: Hand axe          |    62 |   149 |    29 ||   240
       Headbutt          |     7 |    29 |     6 ||    42
Invok: Berserk           |       |     1 |     1 ||     2
       Trog's Hand       |       |     1 |       ||     1
 Stab: Sleeping          |     1 |       |       ||     1
  Eat: Chunk             |       |     9 |     1 ||    10
Armor: Animal skin       |     7 |    28 |    11 ||    46
       Skin              |     3 |       |       ||     3
Dodge: Dodged            |    33 |   106 |    20 ||   159
